 Dungeon Crawl Stone Soup version 0.21-a0-442-g848f44b (webtiles) character file.

71 tof the Slasher (level 4, 0/35 HPs)
             Began as a Demonspawn Monk on Nov 13, 2017.
             Slain by Natasha (3 damage)
             ... on level 2 of the Dungeon.
             The game lasted 00:02:22 (2725 turns).

tof the Slasher (Demonspawn Monk)                   Turns: 2725, Time: 00:02:22

Health: 0/35       AC:  5    Str: 12    XL:     4   Next: 5%
Magic:  4/4        EV: 13    Int: 11    God:
Gold:   135        SH:  0    Dex: 16    Spells: 3/3 levels left

rFire    . . .     SeeInvis .   a - +0 falchion
rCold    + . .     Gourm    .   (no shield)
rNeg     . . .     Faith    .   p - +0 leather armour
rPois    .         Spirit   .   (no helmet)
rElec    .         Reflect  .   (no cloak)
rCorr    .         Harm     .   (no gloves)
MR       .....                  h - +1 pair of boots
Stlth    ++........             (no amulet)
HPRegen  0.11/turn              (no ring)
MPRegen  0.09/turn              (no ring)

@: no status effects
A: claws 2, cold resistance 1
a: no special abilities


You were on level 2 of the Dungeon.
You were hungry.

You visited 1 branch of the dungeon, and saw 2 of its levels.

You collected 135 gold pieces.

Inventory:

Hand Weapons
 a - a +0 falchion (weapon)
Missiles
 j - 30 poisoned needles
Armour
 b - a +0 robe
 g - a +0 shield
 h - a +1 pair of boots (worn)
 p - a +0 leather armour (worn)
Scrolls
 l - a scroll of identify {unknown}
 m - a scroll of fear {unknown}
 n - a scroll of remove curse {unknown}
 o - a scroll of amnesia {unknown}
 q - a scroll of teleportation {unknown}
Potions
 d - a potion of agility {unknown}
 e - a potion of ambrosia {unknown}
 f - a potion of flight {unknown}
 i - 3 potions of mutation {unknown}
Comestibles
 c - 4 bread rations
 k - a meat ration
 r - a royal jelly


   Skills:
 + Level 3.2 Fighting
 * Level 3.3 Long Blades
 + Level 0.9 Armour
 + Level 3.0 Dodging
 + Level 2.3 Stealth
 + Level 0.8 Shields


You had 3 spell levels left.
You didn't know any spells.

Dungeon Overview and Level Annotations

Branches:
Dungeon (2/15)

Altars:
Xom

Annotations:
D:2 Natasha


Innate Abilities, Weirdness & Mutations

You have very sharp fingernails.
Your flesh is cold resistant. (rC+)


Message History

You resist with some effort.
You hit Natasha but do no damage.
Natasha is moderately wounded.
The crimson imp closely misses you. Natasha closely misses you.
You miss Natasha.
Natasha is lightly wounded.
The crimson imp hits you.
* * * LOW HITPOINT WARNING * * *
Natasha claws you.
* * * LOW HITPOINT WARNING * * *
You hit Natasha.
Natasha is moderately wounded.
The crimson imp barely misses you. Natasha claws you.
* * * LOW HITPOINT WARNING * * *
The crimson imp barely misses you.
You riposte.
You closely miss the crimson imp. You hit Natasha.
Natasha is severely wounded.
Natasha claws you.
You die...

#####..#.#.....# ##
.......#.#.....### #.
###...............#
#.
#...?#....#.....#.#
#. #..#..........#.#
#.
#.....###.#+###.####.
#?.#..###.# #.....#.
##.#......# #.....#.
#...@###### ##.....##
#..#5h...............
#...<.......#.#######
#.#.###..............
#... .#####.#######
.... # #..... #....
#.#### .... # #


You could see Natasha and a crimson imp.

Vanquished Creatures
  2 adders (D:2)
  A worm (D:2)
  A dart slug (D:1)
  A leopard gecko (D:1)
  A ball python (D:1)
  A giant cockroach (D:2)
  8 goblins
  8 hobgoblins
  2 jackals (D:2)
  7 kobolds
  A quokka (D:2)
  3 bats
  3 frilled lizards
  4 rats
43 creatures vanquished.

Notes
Turn   | Place    | Note
-------+----------+-------------------------------------------
     0 | D:1      | tof the Demonspawn Monk began the quest for the Orb.
     0 | D:1      | Reached XP level 1. HP: 18/18 MP: 1/1
   507 | D:1      | Gained mutation: You have sharp fingernails. [demonic ancestry]
   507 | D:1      | Reached XP level 2. HP: 23/24 MP: 2/2
  1371 | D:1      | Gained mutation: Your flesh is cold resistant. (rC+) [demonic ancestry]
  1371 | D:1      | Reached XP level 3. HP: 24/29 MP: 3/3
  1557 | D:2      | HP: 1/29 [worm (1)]
  1941 | D:2      | Found a shimmering altar of Xom.
  2185 | D:2      | Gained mutation: You have very sharp fingernails. [demonic ancestry]
  2185 | D:2      | Reached XP level 4. HP: 16/35 MP: 4/4
  2712 | D:2      | Noticed Natasha
  2725 | D:2      | Slain by Natasha

Vault maps used:
D:1:      lemuel_arrival_rhombus, glass_columns_b, minmay_misc_feat_tower
D:2:      first_bread, xom_teletrap_fun, uniq_natasha, uniq_sigmund

Skill      XL: |  1  2  3 |
---------------+----------+-----
Stealth        | 2 |  2.3
Long Blades    | 3 |  3.3
Dodging        | 3 |  3.0
Fighting       | |  3.2
Armour         | |  0.9
Shields        | |  0.8

Action                   |  1- 3 |  4- 6 || total
-------------------------+-------+-------++-------
Melee: Falchion          |   140 |    22 ||   162
 Stab: Sleeping          |     3 |       ||     3
  Eat: Chunk             |     4 |     1 ||     5
Armor: Robe              |    14 |       ||    14
       Leather armour    |    22 |     5 ||    27
Dodge: Dodged            |    92 |    10 ||   102
Block: Shield            |     5 |       ||     5
       Rpst.: Falchion   |    32 |     3 ||    35

Table legend:
 A = Spawn XP
 B = Non-spawn XP
 C = Spawn XP percentage of total XP
 D = Spawn monster count
 E = Non-spawn monster count
 F = Spawn count percentage of total count
 G = Total turns spent on level
                    A         B        C        D         E        F      G
               +---------+---------+-------+---------+---------+-------+---------
         Total |       0 |     102 |   0.0 |       0 |      43 |   0.0 |  2725
               +---------+---------+-------+---------+---------+-------+---------
           D:1 |       0 |      45 |   0.0 |       0 |      25 |   0.0 |  1519
           D:2 |       0 |      57 |   0.0 |       0 |      18 |   0.0 |  1206
               +---------+---------+-------+---------+---------+-------+---------
